 Dungeon Crawl Stone Soup version 0.19-a0-1827-g174f941 (webtiles) character file.

143 varam the Sneak (level 5, -1/34 HPs)
             Began as an Octopode Assassin on Oct 7, 2016.
             Slain by a goblin
             ... wielding a +0 club
             ... led by Robin
              (6 damage)
             ... on level 2 of the Dungeon.
             The game lasted 00:06:00 (1837 turns).

varam the Sneak (Octopode Assassin)                 Turns: 1837, Time: 00:06:01

Health: -1/34      AC:  1    Str: 10    XL:     5   Next: 25%
Magic:  5/5        EV: 14    Int: 13    God:
Gold:   96         SH:  0    Dex: 15    Spells: 0 memorised, 4 levels left

rFire  . . .     SeeInvis .     a - +2 dagger
rCold  . . .     Gourm    .     (no shield)
rNeg   . . .     Faith    .     (helmet restricted)
rPois  .         Spirit   .     (no amulet)
rElec  .         Dismiss  .     (no ring)
rCorr  .         Reflect  .     (no ring)
MR     .....     Harm     .     (no ring)
Stlth  ++++......               (no ring)
                                (no ring)
                                (no ring)
                                (no ring)
                                (no ring)

@: no status effects
A: almost no armour, stealthy swim, amphibious, 8 rings, constrict 8, camouflage
1, gelatinous body 1
a: no special abilities


You were on level 2 of the Dungeon.
You were not hungry.

You visited 1 branch of the dungeon, and saw 2 of its levels.

You collected 96 gold pieces.

Inventory:

Hand Weapons
 a - a +2 dagger (weapon)
 b - a +0 blowgun
Missiles
 c - 8 poisoned needles
 d - 2 curare-tipped needles
 i - 19 sling bullets
Scrolls
 e - a scroll of remove curse
 h - a scroll of recharging {unknown}
 j - a scroll of enchant armour {unknown}
 n - a scroll of identify {unknown}
Potions
 l - a potion of lignification
 o - a potion of degeneration {unknown}
Comestibles
 f - a bread ration
 g - 5 chunks of flesh
 k - a meat ration


   Skills:
 - Level 2.0 Fighting
 + Level 3.0 Short Blades
 - Level 2.0 Throwing
 + Level 3.1 Dodging
 + Level 6.8 Stealth


You had 4 spell levels left.
You didn't know any spells.

Dungeon Overview and Level Annotations

Branches:
Dungeon (2/15)

Altars:

Annotations:
D:2 Robin


Innate Abilities, Weirdness & Mutations

You cannot wear most types of armour.
You are very stealthy in the water. (Stealth+)
You are amphibious.
You can wear up to eight rings at the same time.
You can use your tentacles to constrict eight enemies at once.
Your skin changes colour to match your surroundings (Stealth+).
Your rubbery body absorbs attacks. (AC +1, EV +1)


Message History

Robin is heavily wounded.
Robin hits you with a whip.
* * * LOW HITPOINT WARNING * * *
You hit Robin.
Robin is severely wounded.
The goblin hits you but does no damage. Robin hits you but does no damage.
You hit Robin but do no damage.
Robin is severely wounded.
The goblin hits you but does no damage. Robin hits you but does no damage.
You hit Robin.
Robin is almost dead.
You feel less woody. The goblin hits you but does no damage.
Robin hits you with a whip.
* * * LOW HITPOINT WARNING * * *
Okay, then.
You completely miss Robin. Your grab misses Robin.
Robin is almost dead.
The goblin no longer looks unusually strong.
The goblin hits you with a club.
You die...

#.................
#.####..........##
#.# #..........#
#(# #..........#
#.# #####...####
#.# #...# #.#
#...# #g# #...#
#@# #...# #g#
##### #.#
.........#
%........#
.........#
..........
....?....##
...g.....#


You could see Robin and a goblin.

Vanquished Creatures
  Ijyb (D:2)
  4 adders (D:2)
  3 oozes (D:2)
  A leopard gecko (D:1)
  3 bats
  5 giant cockroaches
  9 hobgoblins
  A quokka (D:2)
  3 frilled lizards (D:2)
  17 goblins
  7 kobolds
  7 rats
61 creatures vanquished.

Notes
Turn   | Place    | Note
-------+----------+-------------------------------------------
     0 | D:1      | varam the Octopode Assassin began the quest for the Orb.
     0 | D:1      | Reached XP level 1. HP: 14/14 MP: 1/1
   111 | D:1      | Reached XP level 2. HP: 12/19 MP: 2/2
   583 | D:1      | Reached XP level 3. HP: 22/24 MP: 3/3
   853 | D:2      | Reached skill level 6 in Stealth
  1239 | D:2      | Reached XP level 4. HP: 20/29 MP: 4/4
  1417 | D:2      | Noticed Ijyb
  1437 | D:2      | Killed Ijyb
  1747 | D:2      | Reached XP level 5. HP: 27/34 MP: 5/5
  1779 | D:2      | Noticed Robin
  1837 | D:2      | Slain by a goblin

Vault maps used:
D:1:      dpeg_arrival_refuge
D:2:      lemuel_upstairs_altar, led_sif_pool, uniq_iyjb, uniq_robin

Skill      XL: |  1  2  3  4  5 |
---------------+----------------+-----
Dodging        | 2 3 |  3.1
Stealth        | 6 |  6.8
Short Blades   | 3 |  3.0
Fighting       | |  2.0
Throwing       | |  2.0

Action                   |  1- 3 |  4- 6 || total
-------------------------+-------+-------++-------
Melee: Dagger            |    79 |   100 ||   179
       Tentacles         |     9 |     8 ||    17
       Constrict         |    14 |     5 ||    19
Throw: Throwing net      |       |     1 ||     1
  Use: Scroll            |       |     1 ||     1
       Potion            |       |     1 ||     1
 Stab: Sleeping          |    10 |     1 ||    11
  Eat: Chunk             |     1 |     2 ||     3
Armor: Skin              |     5 |    74 ||    79
Dodge: Dodged            |    40 |    27 ||    67
